 Dungeon Crawl Stone Soup version 0.28.0-53-g5a82cb258f (webtiles) character file.

Game seed: 6389804886488674056

4304 Labrat the Thaumaturge (level 9, -9/75 HPs)
             Began as a Demigod Conjurer on Aug 10, 2022.
             Mangled by a two-headed ogre
             ... wielding a +0 giant club
              (25 damage)
             ... on level 7 of the Dungeon on Aug 12, 2022.
             The game lasted 00:21:57 (10579 turns).

Labrat the Thaumaturge (Demigod Conjurer)          Turns: 10579, Time: 00:21:58

Health: -9/75      AC:  4    Str:  8    XL:     9   Next: 86%
Magic:  8/25       EV: 12    Int: 32    God:
Gold:   349        SH:  0    Dex: 12    Spells: 17/24 levels left

rFire   + . .      SeeInvis .   z - +4 battleaxe "Zosch" {vorpal, rPois rF+}
rCold   . . .      Faith    .   (shield currently unavailable)
rNeg    . . .      Spirit   .   a - +0 robe
rPois   +          Reflect  .   k - +0 helmet
rElec   .          Harm     .   v - +0 cloak
rCorr   .          Rampage  .   (no gloves)
Will    .....                   (no boots)
Stlth   ++........              (no amulet)
HPRegen 0.22/turn               (no ring)
MPRegen 0.19/turn               (no ring)

@: spiked, very slightly contaminated
A: high MP 1, forlorn, divine attributes
a: no special abilities


You were on level 7 of the Dungeon.
You visited 2 branches of the dungeon, and saw 8 of its levels.

You collected 349 gold pieces.

Inventory:

Hand Weapons
 i - a +2 dagger of speed
 o - a +2 flail of holy wrath
 t - the +8 longbow "Zephyr" {speed, Dex+3 SInv}
   (You found it on level 4 of the Dungeon)

   Attacks with this weapon are significantly faster.
   Dex:       It affects your dexterity (+3).
   SInv:      It lets you see invisible.
 z - the +4 battleaxe "Zosch" (weapon) {vorpal, rPois rF+}
   (You found it on level 5 of the Dungeon)

   It inflicts extra damage upon your enemies.
   rF:        It protects you from fire.
   rPois:     It protects you from poison.
Missiles
 l - 14 poisoned darts
 w - 45 arrows
Armour
 a - a +0 robe (worn)
 k - a +0 helmet (worn)
 v - a +0 cloak (worn)
 y - an orb of energy
Jewellery
 B - a ring of wizardry
Wands
 m - a wand of flame (55)
 n - a wand of polymorph (11)
Scrolls
 b - a scroll of immolation
 c - a scroll of magic mapping
 d - 3 scrolls of enchant armour
 h - 3 scrolls of identify
 j - 3 scrolls of fear {unknown}
 q - 5 scrolls of teleportation {unknown}
 s - 2 scrolls of blinking {unknown}
 x - a scroll of vulnerability {unknown}
 A - a scroll of noise {unknown}
 D - a scroll of enchant weapon {unknown}
 E - a scroll of silence {unknown}
Potions
 e - 2 potions of might {unknown}
 f - a potion of brilliance {unknown}
 g - a potion of curing {unknown}
 p - 3 potions of degeneration {unknown}
 r - a potion of flight {unknown}
 u - 3 potions of heal wounds
 C - a potion of resistance {unknown}


   Skills:
 + Level 5.7 Fighting
 - Level 1.7 Dodging
 - Level 1.7 Stealth
 - Level 8.0 Spellcasting
 - Level 8.0 Conjurations
 - Level 5.0 Evocations


You had 17 spell levels left.
You knew the following spells:

 Your Spells              Type           Power      Damage    Failure   Level
a - Magic Dart            Conj           100%       1d8       1%          1
b - Searing Ray           Conj           100%       2d8       1%          2
c - Iskenderun's Mystic   Conj/Tloc      38%        2d9       7%          4

Your spell library contained the following spells:

 Spells                   Type           Power      Damage    Failure   Level
 Conjure Flame            Conj/Fire      38%        6-21      2%          3
 Dazzling Flash           Conj/Hex       76%        N/A       2%          3
 Corpse Rot               Necr/Air       24%        N/A       5%          2
 Fulminant Prism          Conj/Hex       19%        3d11      7%          4
 Sticky Flame             Conj/Fire      38%        2d6       7%          4
 Frozen Ramparts          Ice            24%        1d4       11%         3
 Ignite Poison            Fire/Tmut/Pois 12%        N/A       11%         3
 Portal Projectile        Hex/Tloc       24%        N/A       11%         3
 Dispel Undead            Necr           12%        3d9       36%         4
 Ice Form                 Ice/Tmut       12%        N/A       36%         4
 Summon Ice Beast         Ice/Summ       12%        N/A       36%         4
 Blade Hands              Tmut           6%         N/A       71%         5
 Excruciating Wounds      Necr           6%         N/A       71%         5
 Death Channel            Necr           6%         N/A       99%         6


Dungeon Overview and Level Annotations

Branches:
Dungeon (7/15)             Temple (1/1) D:7

Shops:
D:2 [

Annotations:
D:3 ogre, kalagan's ghost, weakling TeCj
D:5 Grinder
D:6 exclusion: gargoyle


Innate Abilities, Weirdness & Mutations

You have an increased reservoir of magic. (+10% MP)
You shall have no god before yourself.
Your divine heritage dramatically boosts your attributes as you level up.


Message History

Unknown command.
The barbs in your skin will harm you if you move.
Continue?
Okay, then.
Okay, then.
Save game and exit?
Welcome back, Labrat the Demigod Conjurer.
Press ? for a list of commands and other information.
As you read the scroll labelled FUARIO VAILLIUNN, it crumbles to dust.
It is a scroll of identify.
d - 3 scrolls of enchant armour
Okay, then.
Unknown command.
Cast which spell? (? or * to list)
You erupt in a blast of force!
The mystic blast hits the two-headed ogre.
The two-headed ogre is lightly wounded.
The two-headed ogre is knocked back by the mystic blast.
The centaur shouts!
The centaur unwields a +0 whip.
The centaur wields a +0 shortbow.
The centaur shoots an arrow.
The arrow hits you!
Unknown command.
As you read the scroll labelled HUSTOCS NEOBIE, it crumbles to dust.
The creatures around you are filled with an inner flame!
It was a scroll of immolation.
The centaur shoots an arrow.
The arrow hits you.
As you read the scroll labelled NIEGENIZEN, it crumbles to dust.
You feel aware of your surroundings.
You sensed 3 altars.
It was a scroll of magic mapping.
The centaur shoots an arrow.
The arrow closely misses you.
The centaur shoots an arrow.
The arrow closely misses you.
Unknown command.
Casting: Iskenderun's Mystic Blast (dangerous; 7% risk of failure)
Confirm with . or Enter, or press ? or * to list all spells.
You miscast Iskenderun's Mystic Blast.
You are very lightly contaminated with residual magic.
Energy rips through your body!
The centaur shoots an arrow.
The arrow hits you!
* * * LOW HITPOINT WARNING * * *
The two-headed ogre hits you with a +0 giant club.
* * * LOW HITPOINT WARNING * * *
The two-headed ogre hits you with a +0 giant spiked club!!
You die...

.######..........#*,**,*,,,,,*,**
......'.......).c#,*,,**,*,,,**,,
#######.....(....###+*****'#****'
..#####..........#.#,,,*,*...**,,
#................#.#,*,##.#,.#,**
#.......########.'.#,*.'.#,,,'#*
........# #.#.###.#*.#,,*.##
........# #.#.....#,#c,,**..
##......# #@###'#####'#####'
###'##### #.OH..o........... #
#.# ####.#######.#.### # #.#
#.....H.)...... # #.#
####.########## # #.# #.# # #.#
#.# # #.# #.# #.# #.#


You could see a two-headed ogre (inner flame), a manticore, a centaur (inner
flame) and an orc wizard (inner flame).

Vanquished Creatures
  A two-headed ogre (D:6)
  A slime creature (D:6)
  A yak (D:5)
  2 water moccasins (D:7)
  An ice beast (D:7)
  An orc warrior (D:5)
  A hornet zombie (D:6)
  4 ogres
  2 centaurs
  A phantom (D:5)
  A bullfrog (D:3)
  3 scorpions (D:5)
  A water moccasin zombie (D:6)
  3 water moccasin skeletons
  4 wights (D:6)
  4 killer bees (D:7)
  3 jellies
  4 centaur zombies
  A gnoll shaman (D:4)
  2 orc priests
  6 hounds
  2 bullfrog skeletons
  2 centaur skeletons (D:4)
  7 iguanas
  Terence (D:3)
  2 orc wizards
  Natasha (thrice) (D:2)
  A hound skeleton (D:5)
  Robin (D:2)
  5 gnolls (D:4)
  14 adders
  A shadow imp (D:6)
  2 ufetubi (D:5)
  An adder zombie (D:5)
  2 dart slugs
  16 orcs
  9 ball pythons
  11 endoplasms
  4 giant cockroaches
  15 goblins
  7 hobgoblins
  10 jackals
  2 quokkas
  15 bats
  2 frilled lizards (D:1)
  7 kobolds
  4 rats
193 creatures vanquished.

Notes
Turn   | Place    | Note
-------+----------+-------------------------------------------
     0 | D:1      | Labrat the Demigod Conjurer began the quest for the Orb.
     0 | D:1      | Reached XP level 1. HP: 14/14 MP: 5/5
     3 | D:1      | Noticed an electric eel
     4 | D:1      | Noticed an electric eel
   426 | D:1      | Reached XP level 2. HP: 20/20 MP: 4/7
  1221 | D:1      | Learned a level 2 spell: Searing Ray
  1456 | D:2      | Reached XP level 3. HP: 26/26 MP: 1/9
  1540 | D:2      | Noticed Natasha
  1565 | D:2      | Killed Natasha
  1654 | D:2      | Reached XP level 4. HP: 33/33 MP: 8/11
  1854 | D:2      | Found Pireda's Armour Emporium.
  2005 | D:2      | Noticed Robin
  2083 | D:2      | Killed Robin
  2321 | D:2      | Noticed Natasha
  2325 | D:2      | Killed Natasha
  2336 | D:2      | Noticed Natasha
  2342 | D:2      | Killed Natasha
  2343 | D:2      | Reached XP level 5. HP: 24/38 MP: 0/13
  2549 | D:2      | Reached skill level 5 in Conjurations
  2841 | D:3      | Noticed Terence
  3107 | D:3      | Found a transporter.
  3107 | D:3      | Noticed kalagan's ghost (weakling TeCj)
  3155 | D:3      | Found a transporter.
  3246 | D:3      | Killed Terence
  3247 | D:3      | Reached XP level 6. HP: 45/45 MP: 4/16
  3807 | D:4      | Reached skill level 5 in Spellcasting
  3937 | D:4      | Reached skill level 1 in Fighting
  4140 | D:4      | Found the +8 longbow "Zephyr" {speed, Dex+3 SInv}
  4567 | D:4      | Reached XP level 7. HP: 57/57 MP: 17/17
  5045 | D:5      | Entered Level 5 of the Dungeon
  5116 | D:5      | Reached skill level 5 in Fighting
  5490 | D:5      | Identified the +4 battleaxe "Zosch" {vorpal, rPois rF+}
  5651 | D:5      | Noticed Grinder
  5689 | D:5      | Noticed a two-headed ogre
  6076 | D:2      | Learned a level 4 spell: Iskenderun's Mystic Blast
  6288 | D:4      | Reached XP level 8. HP: 50/68 MP: 21/21
  7321 | D:5      | Reached skill level 1 in Evocations
  7764 | D:6      | Noticed a two-headed ogre
  8490 | D:6      | Reached XP level 9. HP: 57/74 MP: 15/25
  8560 | D:6      | Killed a two-headed ogre
  8718 | D:6      | Noticed a gargoyle
  9343 | D:7      | Found a staircase to the Ecumenical Temple.
  9368 | Temple   | Entered the Ecumenical Temple
  9644 | D:7      | Reached skill level 5 in Evocations
 10564 | D:7      | Noticed a manticore
 10569 | D:7      | Noticed a two-headed ogre
 10579 | D:7      | Mangled by a two-headed ogre

Illustrated notes

Levels and vault maps discovered:
D:1:      arrival_aquarium_b, layout_basic, minmay_pentomino_w4
D:2:      layout_loops_ring, serial_shops, nicolae_lakefront_shop,
          hellmonk_ecumenical_altar_slurped_away, uniq_robin, uniq_natasha
D:3:      layout_loops_ring, gammafunk_ghost_mausoleum,
          chequers_serial_rivers_small_a, uniq_terence
D:4:      layout_basic, grunt_temple_overflow_open
D:5:      minmay_razor_zed, layout_basic, elyvilon_altar_3,
          lightli_temple_of_fire, roderic_batcave, minmay_bent, uniq_grinder
D:6:      layout_basic, ebering_ghost_reflecting_pool
D:7:      minmay_the_grid_square_5x5_3x3
          [minmay_the_grid_square_5x5_two_walls_b,
          minmay_the_grid_square_5x5_n_small, minmay_the_grid_square_5x5_spiral,
          minmay_the_grid_square_5x5_forky,
          minmay_the_grid_square_5x5_megaprize_crossed,
          minmay_the_grid_square_5x5_half_checkered,
          minmay_the_grid_square_5x5_three,
          minmay_the_grid_square_5x5_three_small, minmay_the_grid_square_5x5_c],
          layout_basic, chequers_temple_overflow_statue_of_worship,
          minmay_temple_entry_statues_fountains
Temple:   nicolae_temple_figure_eight

Skill      XL: |  1  2  3  4  5  6  7  8  9 |
---------------+----------------------------+-----
Spellcasting   | 2 3 4 5 6 8 |  8.0
Conjurations   | 4 5 8 |  8.0
Fighting       | 3 5 |  5.7
Evocations     | 2 5 |  5.0
Dodging        | |  1.7
Stealth        | |  1.7

Action                   |  1- 3 |  4- 6 |  7- 9 || total
-------------------------+-------+-------+-------++-------
Melee: Dagger            |     1 |    20 |       ||    21
       Punch             |       |     1 |       ||     1
       Battleaxe         |       |       |    37 ||    37
 Fire: Longbow           |       |     7 |    98 ||   105
Throw: Dart              |       |       |     3 ||     3
 Cast: Magic Dart        |    58 |   120 |    82 ||   260
       Searing Ray       |     2 |    15 |    37 ||    54
       Iskenderun's Myst |       |       |    14 ||    14
  Use: Scroll            |       |       |     3 ||     3
 Stab: Sleeping          |       |       |     1 ||     1
Armor: Robe              |     2 |     5 |    48 ||    55
       Skin              |       |     1 |       ||     1
Dodge: Dodged            |     4 |    22 |   118 ||   144
